cohdb
Replays
Latest Replays
All Replays
Popular Replays
Top Player Replays
Match Explorer
How It Works
Community
CoH3 Stats
Reddit
Sign in to upload your games and track your stats! →
Sign in with Steam
Match 44468982
Unlisted
Match 44468982
Overview
Messages
Build Orders
End
Scout Squad
Construct Barracks
Riflemen Squad
Riflemen Squad
Infantry Support Center
Construct Motor Pool
M1 Mortar Team
M8 Greyhound Armored Car
Engineer Squad
Selects Armored Battlegroup
Selects Strength in Steel
M1918 Browning Automatic Rifles
M1 Mortar Team
Riflemen Squad
Grenade Package
Lazy Ren
Barbarossa
setana
战争之裂血手套
0
0
Comments
sign in to comment!
No comments posted yet!